Map: Terrasses de Prion

Players

Imroath

  • Race: Protoss Protoss
  • League: Bronze
  • Spawn Location: 11:00

zidar - Winner!

  • Race: Zerg Zerg
  • League: Silver
  • Spawn Location: 5:00

VOD

Have the link to the VOD?

Description

Time

  • Played on: Feb. 7, 2016, 10:45 a.m.
  • Length: 9:28
Show
View Real Time Build Order
Export as new Build Order

Imroath Protoss 

Build Orders: 1 Gate Expand 

Get SALT Encoding   

  12  0:04  Probe (Chrono Boost)  
  13  0:22  Pylon  
  13  0:33  Probe (Chrono Boost)  
  14  0:43  Probe (Chrono Boost)  
  14  0:47  Gateway  
  15  0:54  Probe (Chrono Boost)  
  16  1:03  Assimilator  
  16  1:17  Nexus  
  16  1:20  Probe (Chrono Boost)  
  17  1:31  Probe (Chrono Boost)  
  18  1:39  Cybernetics Core  
  18  1:44  Probe (Chrono Boost)  
  19  1:54  Assimilator  
  19  1:55  Probe (Chrono Boost)  
  20  2:06  Probe (Chrono Boost)  
  21  2:15  Adept  
  23  2:18  Warp Gate (Chrono Boost)  
  23  2:38  Mothership Core  
  23  2:41  Pylon  
  25  2:44  Pylon  
  25  2:50  Probe  
  26  2:57  Probe  
  26  3:02  Probe  
  28  3:08  Gateway  
  28  3:09  Gateway  
  28  3:13  Twilight Council  
  28  3:17  Pylon  
  28  3:20  Probe  
  28  3:21  Probe  
  30  3:32  Probe x2  
  32  3:39  Stalker  
  34  3:45  Probe  
  34  3:46  Probe  
  36  3:55  Probe  
  36  3:58  Probe  
  38  4:05  Blink  
  38  4:06  Probe  
  39  4:13  Probe  
  39  4:16  Probe  
  41  4:25  Nexus, Probe  
  41  4:28  Pylon  
  42  4:32  Stalker  
  42  4:35  Adept  
  46  4:49  Robotics Facility  
  46  4:51  Pylon  
  45  4:53  Probe  
  45  4:56  Pylon  
  28  5:09  Assimilator  
  28  5:13  Assimilator  
  27  5:42  Probe x2  
  27  5:43  Probe  
  30  5:52  Probe x2  
  30  5:55  Probe  
  33  6:03  Probe x2  
  33  6:07  Probe, Robotics Bay  
  32  6:13  Probe x2  
  34  6:19  Probe  
  34  6:22  Forge  
  34  6:24  Probe  
  35  6:28  Probe  
  35  6:31  Probe  
  35  6:32  Pylon  
  38  6:34  Probe  
  38  6:37  Pylon  
  38  6:38  Probe, Assimilator  
  39  6:41  Assimilator  
  39  6:43  Probe  
  40  7:05  Pylon  
  40  7:08  Probe x2  
  40  7:09  Probe  
  43  7:18  Probe x2  
  43  7:21  Probe  
  46  7:29  Probe x2  
  46  7:33  Probe  
  49  7:39  Probe x2  
  51  7:45  Probe  
  51  7:47  Colossus  
  51  7:50  Probe x2  
  51  7:51  Stalker x2  
  62  7:54  Stalker  
  62  7:57  Probe  
  67  8:00  Probe  
  67  8:01  Probe  
  67  8:04  Templar Archives  
  69  8:10  Probe  
  69  8:11  Probe x2  
  72  8:21  Probe  
  72  8:22  Probe x2  
  75  8:34  Probe  
  76  8:37  Adept x3  
  88  8:53  Probe  
  88  8:54  Probe x2  
  77  9:12  High Templar x2  
  77  9:14  Zealot  
Show
View Real Time Build Order
Export as new Build Order

zidar Zerg - Winner!

Build Orders: Pool First 

Get SALT Encoding   

  12  0:01  Drone  
  13  0:12  Overlord  
  13  0:17  Drone  
  14  0:30  Drone x2  
  14  0:34  Drone  
  17  0:49  Spawning Pool  
  17  0:50  Drone  
  17  1:15  Hatchery  
  17  1:16  Drone  
  17  1:20  Extractor, Drone  
  17  1:36  Queen  
  17  1:37  Drone  
  21  2:01  Drone  
  21  2:03  Overlord  
  21  2:05  Drone  
  21  2:20  Queen, Drone  
  24  2:23  Metabolic Boost  
  24  2:37  Roach Warren  
  24  2:38  Extractor  
  24  2:39  Drone  
  23  2:53  Drone x5  
  28  3:01  Evolution Chamber  
  27  3:11  Drone  
  27  3:12  Drone x3  
  31  3:29  Overlord  
  31  3:35  Zergling x2  
  31  3:36  Zergling x4  
  34  3:42  Zergling x4  
  36  3:58  Lair  
  36  4:06  Zerg Ground Armor Level 1  
  36  4:13  Roach x2  
  36  4:14  Hatchery  
  41  4:17  Roach  
  41  4:37  Extractor  
  40  4:39  Extractor  
  40  4:42  Drone x5  
  44  5:04  Overlord x2  
  42  5:31  Queen  
  44  5:37  Roach  
  44  5:38  Roach x10  
  66  5:44  Overlord x3  
  66  6:28  Zergling x10  
  66  6:29  Zergling x8  
  75  6:37  Zerg Missile Weapons Level 1  
  73  7:03  Glial Reconstitution  
  73  7:07  Ravager x2  
  73  7:08  Ravager x4  
  79  7:28  Drone x10  
  79  7:29  Drone  
  90  7:32  Overlord x3  
  90  7:33  Overlord x2  
  90  7:50  Zergling x2  
  91  7:55  Hydralisk Den  
  91  7:57  Zergling x10  
  91  7:58  Zergling x20  
  105  8:08  Pneumatized Carapace, Overseer  
  105  8:18  Evolution Chamber  
Tags
 
Add a new tag
Caveats
  • Supply blocks, unpowered buildings, or Contaminate may cause inaccurate times.
  • Supply counts are checked every 10 seconds.